 Dungeon Crawl Stone Soup version 0.21.1-1-g345015f (webtiles) character file.

97153 halftheisland the Impaler (level 15, -1/163 HPs)
             Began as a Purple Draconian Berserker on Feb 13, 2018.
             Was the Champion of Trog.
             Succumbed to barbed spike wounds
             ... on level 15 of the Dungeon on Feb 15, 2018.
             The game lasted 01:48:15 (19014 turns).

halftheisland the Impaler (DrBe)                   Turns: 19014, Time: 01:48:15

Health: -1/163     AC: 15    Str: 31    XL:     15   Next: 71%
Magic:  19/19      EV: 22    Int: 17    God:    Trog [******]
Gold:   1169       SH:  0    Dex: 19    Spells: 14/14 levels left

rFire    x . .     SeeInvis .   D - +6 trident of Extremism {freeze, +Blink Int+8}
rCold    + . .     Gourm    .   (no shield)
rNeg     . . .     Faith    .   (armour unavailable)
rPois    .         Spirit   .   B - +2 hat
rElec    .         Reflect  .   (no cloak)
rCorr    .         Harm     +   M - +1 pair of gloves
MR       ++++.                  f - +1 pair of boots {run}
Stlth    ++........             I - amulet "Ciczyfaz" {Harm *Drain Str+4 Dex+4}
HPRegen  1.77/turn              k - ring of ice
MPRegen  0.16/turn              d - +2 ring of evasion

@: mighty, barbed spikes, berserk cooldown, regenerating, slowed, very slow
A: breathe power, unfitting armour, clever 1, regeneration 1, robust 1,
evolution 1, cold-blooded, AC +9
a: Breathe Dispelling Energy, Berserk, Trog's Hand, Brothers in Arms, Burn
Spellbooks, Renounce Religion, Evoke Blink


You were on level 15 of the Dungeon.
You worshipped Trog.
Trog was exalted by your worship.
You were very full.

You visited 4 branches of the dungeon, and saw 23 of its levels.

You collected 1684 gold pieces.
You spent 515 gold pieces at shops.

Inventory:

Hand Weapons
 D - the +6 trident of Extremism (weapon) {freeze, +Blink Int+8}
   (You found it on level 8 of the Dungeon)

   It has been specially enchanted to freeze those struck by it, causing extra
   injury to most foes and up to half again as much damage against particularly
   susceptible opponents.
   It can also slow down cold-blooded creatures.
   It affects your intelligence (+8).
   It lets you blink.
Missiles
 i - 4 tomahawks of returning (quivered)
Armour
 f - a +1 pair of boots of running (worn)
 B - a +2 hat (worn)
 M - a +1 pair of gloves (worn)
Jewellery
 d - a +2 ring of evasion (right hand)
 k - a ring of ice (left hand)
 I - the amulet "Ciczyfaz" (around neck) {Harm *Drain Str+4 Dex+4}
   (You acquired it on level 9 of the Dungeon)

   [amulet of harm]

   It increases damage dealt and taken.
   It affects your strength (+4).
   It affects your dexterity (+4).
   It causes draining when unequipped.
Wands
 m - a wand of paralysis (58)
 n - a wand of disintegration (28)
 v - a wand of enslavement (57)
 w - a wand of iceblast (6)
 y - a wand of polymorph (13)
 A - a wand of scattershot (6)
 K - a wand of acid (7)
Scrolls
 c - 5 scrolls of fear
 g - 11 scrolls of remove curse
 l - a scroll of enchant armour
 o - 3 scrolls of fog
 q - 6 scrolls of identify
 t - 8 scrolls of teleportation
 E - 2 scrolls of enchant weapon
Potions
 e - 4 potions of haste
 h - 4 potions of curing
 r - 5 potions of lignification
 s - 2 potions of flight
 u - a potion of might
 z - 3 potions of ambrosia
 C - a potion of agility
 G - a potion of brilliance
 H - a potion of invisibility
 L - a potion of resistance
Miscellaneous
 j - a lamp of fire
 x - a phantom mirror
 F - a lamp of fire
 J - a lamp of fire
Comestibles
 b - 19 rations


   Skills:
 * Level 17.8 Fighting
 * Level 17.9 Polearms
 + Level 9.3 Dodging
 + Level 6.0 Evocations


You had 14 spell levels left.
You didn't know any spells.

Dungeon Overview and Level Annotations

Branches:
Dungeon (15/15)            Temple (1/1) D:5            Lair (6/6) D:10
  Swamp (0/4) Lair:2       Spider (0/4) Lair:4        Slime (0/5) Lair:5
    Orc (1/2) D:12         Vaults (0/5) D:13         Depths (0/5) D:15

Altars:
Ashenzari
Cheibriados
Dithmenos
Elyvilon
Fedhas
Gozag
Hepliaklqana
Kikubaaqudgha
Makhleb
Nemelex Xobeh
Okawaru
Qazlal
Ru
Sif Muna
Trog
Uskayaw
Vehumet
Wu Jian
Xom
Yredelemnul
Zin
The Shining One
Jiyva

Shops:
D:6 %[   D:9 *

Portals:
Trove: D:13 (give 15 potions of curing)

Annotations:
Lair:1 exclusion: oklob plant


Innate Abilities, Weirdness & Mutations

You can breathe bolts of dispelling energy.
Your rich purple scales are hard. (AC +9)
You cannot fit into any form of body armour.
You are cold-blooded and may be slowed by cold attacks.
Your mind is acute. (Int +2)
Your natural rate of healing is unusually fast.
You are robust. (+10% HP)
You evolve.


Message History

The barbed spikes dig painfully into your body as you move.
* * * LOW HITPOINT WARNING * * *
You feel your anger nearly subside.
You see here 16 gold pieces.
The barbed spikes dig painfully into your body as you move.
* * * LOW HITPOINT WARNING * * *
You are no longer berserk.
You are exhausted.
You feel yourself slow down.
Found 27 gold pieces, a wand of paralysis (12) and a potion of haste.
The barbed spikes dig painfully into your body as you move.
* * * LOW HITPOINT WARNING * * *
A deep elf archer opens the door.
The deep elf archer unwields an uncursed dagger.
The deep elf archer wields an uncursed shortbow.
The deep elf archer shoots an arrow.
The arrow hits you!
* * * LOW HITPOINT WARNING * * *
Found 26 gold pieces.
The barbed spikes dig painfully into your body as you move.
You die...

#...#...#...<..# $..
...............# ≈$.# #.
#################≈T ##.!
########≈# .... #≈§≈≈≈≈≈# #'...
#≈/?$$/$##e#+.. #≈%†.#.T.'#.#+..
#≈†..#....+#.#+ #≈)##...@..+
#≈!).....<..+
##+#+######'#+#.....#
#.#.#.####.#.###....$≈##########
#......#......# .....≈##.......#
#†.##.#'#..P⌠..#..##!≈##..>....#
#.#.#..#..P8P.#+.#. $§##.<.<..##
#.##..#+#.⌠P...#.#.. ≈##.......#
##..†...#......## #..#...##


You could see a deep elf archer and a friendly troll (berserk).

Vanquished Creatures
  Frances (D:12)
  A great orb of eyes (D:15)
  Josephine (Lair:5)
  The ghost of Monsterracer the Frost Mage, a journeyman VSIE of Kikubaaqudgha (Lair:1)
  4 vault guards (D:13)
  3 hydras (Lair:6)
  Erolcha (D:9)
  Fannar (D:12)
  The ghost of jazmu the Blocker, a journeyman FoEE of Sif Muna (Orc:1)
  4 centaur warriors
  2 ogre magi (D:13)
  2 two-headed ogres
  Nergalle (Lair:1)
  Sonja (Lair:4)
  The ghost of Agrougrou the Grappler, a novice DrTm of Makhleb (D:8)
  A wizard (D:13)
  An orc knight (D:13)
  2 deep elf magi
  The ghost of letownia2 the Destroyer, a novice GrEE of Vehumet (D:7)
  An orb spider (Lair:4)
  8 ugly things
  4 cyclopes
  Joseph (D:9)
  4 manticores
  A black mamba (Lair:6)
  A torpor snail (Lair:6)
  4 centaur zombies
  3 centaur skeletons
  A gargoyle (D:14)
  Psyche (D:8)
  12 spiny frogs
  A yaktaur (D:15)
  4 komodo dragons
  A tengu conjurer (D:15)
  4 trolls
  A jumping spider (shapeshifter) (D:15)
  3 meliai (D:15)
  2 polar bears
  2 hornets (Lair:6)
  A wolf spider simulacrum (D:11)
  12 blink frogs
  15 slime creatures
  A dream sheep (Lair:6)
  7 hippogriffs
  A meliai zombie (D:13)
  Sigmund (D:5)
  10 spriggans
  4 wyverns
  3 humans
  6 wraiths
  29 yaks
  2 hungry ghosts (D:10)
  4 hogs (D:7)
  7 basilisks
  A warg (Orc:1)
  6 insubstantial wisps (Lair:2)
  10 water moccasins
  An acid dragon (D:12)
  2 ice beasts
  9 orc warriors
  8 porcupines
  A sky beast (D:13)
  The ghost of appiemonkey the Skirmisher, an amateur NaFi (D:3)
  6 black bears
  2 eyes of draining
  48 wolves
  4 ogres
  2 phantoms
  8 boggarts
  4 centaurs
  9 crocodiles
  4 big kobolds
  24 bullfrogs
  A water moccasin zombie (D:12)
  5 scorpions
  A wyvern skeleton (D:13)
  12 killer bees
  5 wights (D:11)
  5 howler monkeys
  4 crimson imps
  2 bullfrog zombies
  12 orc priests
  8 hounds
  A gnoll shaman (D:9)
  20 orc wizards
  6 jellies
  A bullfrog skeleton (D:4)
  Ijyb (D:4)
  3 iguanas
  3 hell rats (Lair:6)
  6 worker ants
  2 hound skeletons
  A worker ant zombie (D:10)
  7 adders
  7 gnolls
  7 river rats (Lair:6)
  4 shadow imps
  An adder zombie (D:5)
  2 worms
  3 dart slugs
  8 leopard geckos
  52 orcs
  4 giant cockroaches
  6 goblins
  6 hobgoblins
  17 jackals
  25 kobolds
  3 quokkas
  7 bats
  9 frilled lizards
  A giant cockroach zombie (D:6)
  A jackal zombie (D:6)
  2 leopard gecko skeletons
  2 quokka skeletons
  7 rats
  5 plants
627 creatures vanquished.

Vanquished Creatures (collateral kills)
  An ice dragon (D:15)
  A hydra (D:14)
  A two-headed ogre (D:15)
  A hornet (Lair:6)
  A slime creature (D:14)
  A spriggan (Lair:6)
  A boggart (Lair:6)
  2 centaurs (D:14)
9 creatures vanquished.

Vanquished Creatures (others)
  A jackal (D:5)
  12 fungi
  6 plants
19 creatures vanquished.

Grand Total: 655 creatures vanquished

Notes
Turn   | Place    | Note
-------+----------+-------------------------------------------
     0 | D:1      | halftheisland the Draconian Berserker began the quest for the Orb.
     0 | D:1      | Reached XP level 1. HP: 19/19 MP: 1/1
   116 | D:1      | Reached XP level 2. HP: 26/26 MP: 2/2
   711 | D:1      | Reached XP level 3. HP: 22/33 MP: 3/3
  1235 | D:2      | Reached ** piety under Trog
  1378 | D:2      | Reached XP level 4. HP: 33/40 MP: 4/4
  1687 | D:2      | Gained mutation: Your natural rate of healing is unusually fast. [potion of mutation]
  1687 | D:2      | Gained mutation: You have sharp fingernails. [potion of mutation]
  1687 | D:2      | Gained mutation: You evolve. [potion of mutation]
  1875 | D:3      | Noticed a bullfrog
  1887 | D:3      | Killed a bullfrog
  1887 | D:3      | Reached XP level 5. HP: 40/47 MP: 5/5
  1955 | D:3      | Noticed appiemonkey's ghost (amateur NaFi)
  1966 | D:3      | Killed appiemonkey's ghost
  1966 | D:3      | Reached skill level 5 in Polearms
  2328 | D:3      | Reached XP level 6. HP: 55/55 MP: 6/6
  2497 | D:3      | Gained mutation: Scrolls take you a little longer to read. [evolution]
  2683 | D:4      | Reached skill level 5 in Fighting
  2739 | D:4      | Found an iron altar of Okawaru.
  2837 | D:4      | Noticed Ijyb
  2867 | D:4      | Killed Ijyb
  2867 | D:4      | Reached *** piety under Trog
  2928 | D:4      | Found a glowing golden altar of the Shining One.
  2958 | D:4      | Your scales start taking on a rich purple colour.
  2958 | D:4      | Reached XP level 7. HP: 35/61 MP: 7/7
  3156 | D:4      | Noticed a hand axe
  3157 | D:4      | Noticed a hand axe
  3159 | D:4      | Found a hide-covered altar of Uskayaw.
  3426 | D:5      | Entered Level 5 of the Dungeon
  3427 | D:5      | Found a staircase to the Ecumenical Temple.
  3471 | Temple   | Entered the Ecumenical Temple
  3765 | D:5      | Found a white marble altar of Elyvilon.
  3783 | D:5      | Gained mutation: Your body sometimes deteriorates upon taking damage. [evolution]
  3804 | D:5      | Noticed Sigmund
  3814 | D:5      | Killed Sigmund
  3814 | D:5      | Reached XP level 8. HP: 70/70 MP: 8/8
  4285 | D:6      | Reached **** piety under Trog
  4442 | D:6      | Found Jokin's Armour Shop.
  4463 | D:6      | Bought a +0 pair of boots of running for 315 gold pieces
  4543 | D:6      | Reached skill level 5 in Dodging
  4581 | D:6      | Got an iridescent dagger
  4709 | D:6      | Found Uhepiq's Food Shoppe.
  4721 | D:6      | Got a wavering amber ring
  4727 | D:6      | Identified the +11 dagger "Veofiwn" {holy, Dex+2} (You found it on level 6 of the Dungeon)
  4833 | D:6      | Gained mutation: Your system is resistant to poisons. (rPois) [evolution]
  5020 | D:7      | Found a shadowy altar of Dithmenos.
  5413 | D:7      | Reached XP level 9. HP: 78/79 MP: 9/9
  5440 | D:7      | Lost mutation: Your system is resistant to poisons. (rPois) [potion of mutation]
  5440 | D:7      | Lost mutation: Your body sometimes deteriorates upon taking damage. [potion of mutation]
  5440 | D:7      | Lost mutation: You have sharp fingernails. [potion of mutation]
  5440 | D:7      | Lost mutation: Scrolls take you a little longer to read. [potion of mutation]
  5440 | D:7      | Gained mutation: You are robust. (+10% HP) [potion of mutation]
  5440 | D:7      | Gained mutation: Your mind is acute. (Int +2) [potion of mutation]
  5440 | D:7      | Gained mutation: You are very robust. (+20% HP) [potion of mutation]
  5530 | D:7      | Reached skill level 10 in Polearms
  5868 | D:7      | Noticed letownia2's ghost (novice GrEE)
  5884 | D:7      | Killed letownia2's ghost
  5886 | D:7      | Reached ***** piety under Trog
  6165 | D:8      | Noticed Agrougrou's ghost (novice DrTm)
  6179 | D:8      | Reached XP level 10. HP: 86/108 MP: 10/10
  6210 | D:8      | Killed Agrougrou's ghost
  6392 | D:8      | Noticed Psyche
  6404 | D:8      | Killed Psyche
  6483 | D:8      | Found a basalt altar of Yredelemnul.
  6487 | D:8      | Found a burning altar of Makhleb.
  6491 | D:8      | Found a shimmering altar of Xom.
  6585 | D:8      | Got a warped trident
  6604 | D:8      | Identified the +6 trident of Extremism {freeze, +Blink Int+8} (You found it on level 8 of the Dungeon)
  6752 | D:9      | Found Qosmuasm's Assorted Antiques.
  6760 | D:9      | Bought a scroll of identify for 50 gold pieces
  6760 | D:9      | Bought a wand of paralysis (14) for 50 gold pieces
  6760 | D:9      | Bought a potion of curing for 75 gold pieces
  6760 | D:9      | Bought a scroll labeled ULLOLUN QOOCH for 25 gold pieces
  6804 | D:9      | Noticed Joseph
  6815 | D:9      | Killed Joseph
  6882 | D:9      | Found a glowing silver altar of Zin.
  6882 | D:9      | Found an opulent altar of Gozag.
  7433 | D:9      | Identified a scroll of acquirement
  7434 | D:9      | Got a heavily runed ruby amulet
  7435 | D:9      | Identified the ring of Spontaneous Combustion {*Drain +Fly rF+ rN+++ Dex-5} (You found it on level 6 of the Dungeon)
  7436 | D:9      | Identified the amulet "Ciczyfaz" {Harm *Drain Str+4 Dex+4} (You acquired it on level 9 of the Dungeon)
  7488 | D:9      | Noticed Erolcha
  7492 | D:9      | Killed Erolcha
  7492 | D:9      | Reached skill level 10 in Fighting
  7726 | D:10     | Entered Level 10 of the Dungeon
  7737 | D:10     | Lost mutation: You are very robust. (+20% HP) [evolution]
  7846 | D:10     | Reached XP level 11. HP: 81/110 MP: 11/11
  8109 | D:10     | Found a staircase to the Lair.
  8459 | Lair:1   | Entered Level 1 of the Lair of Beasts
  8513 | Lair:1   | Received a gift from Trog
  8664 | Lair:1   | Noticed Monsterracer's ghost (journeyman VSIE)
  8674 | Lair:1   | Killed Monsterracer's ghost
  8735 | Lair:1   | Noticed an oklob plant
  9044 | Lair:1   | Noticed Nergalle
  9054 | Lair:1   | Killed Nergalle
  9560 | Lair:2   | Reached XP level 12. HP: 124/124 MP: 11/14
  9561 | Lair:2   | Reached skill level 15 in Polearms
  9561 | Lair:2   | Reached skill level 5 in Evocations
  9561 | Lair:2   | Reached XP level 13. HP: 134/134 MP: 11/17
  9788 | Lair:2   | Found a staircase to the Swamp.
 10599 | Lair:4   | Noticed Sonja
 10984 | Lair:4   | Found a hole to the Spider Nest.
 11119 | Lair:4   | Reached XP level 14. HP: 118/145 MP: 18/18
 11211 | Lair:4   | Found a glowing silver altar of Zin.
 11220 | Lair:4   | Received a gift from Trog
 11339 | Lair:4   | Killed Sonja
 11580 | Lair:5   | Noticed Josephine
 11600 | Lair:5   | Killed Josephine
 11955 | Lair:5   | Found a viscous altar of Jiyva.
 11956 | Lair:5   | Found a staircase to the Slime Pits.
 12429 | Lair:6   | Entered Level 6 of the Lair of Beasts
 12783 | Lair:6   | Reached skill level 15 in Fighting
 12797 | Lair:6   | Received a gift from Trog
 14679 | D:11     | Received a gift from Trog
 14981 | D:11     | Found a white marble altar of Elyvilon.
 15168 | D:12     | Reached ****** piety under Trog
 15298 | D:12     | Found a staircase to the Orcish Mines.
 15321 | Orc:1    | Entered Level 1 of the Orcish Mines
 15380 | Orc:1    | Noticed jazmu's ghost (journeyman FoEE)
 15397 | Orc:1    | Killed jazmu's ghost
 15788 | D:12     | Noticed Fannar
 15804 | D:12     | Killed Fannar
 15804 | D:12     | Received a gift from Trog
 15819 | D:12     | Reached XP level 15. HP: 69/159 MP: 19/19
 16155 | D:12     | Noticed Frances
 16166 | D:12     | Killed Frances
 16625 | D:13     | Found a portal to a secret trove of treasure.
 17396 | D:13     | Found a gate to the Vaults.
 17784 | D:14     | Received a gift from Trog
 18431 | D:15     | Entered Level 15 of the Dungeon
 18511 | D:15     | Found an ancient bone altar of Kikubaaqudgha.
 18512 | D:15     | Found a shimmering altar of Xom.
 18516 | D:15     | Found an ornate altar of the Wu Jian Council.
 18655 | D:15     | Found a staircase to the Depths.
 18980 | D:15     | Received a gift from Trog
 19013 | D:15     | HP: 5/163 [deep elf archer/arrow (12)]
 19014 | D:15     | Succumbed to barbed spike wounds

Skill      XL: |  1  2  3  4  5  6  7  8  9 10 11 12 13 14 15 |
---------------+----------------------------------------------+-----
Fighting       | 4 5 6 7 8 10 12 13 14 16 17 | 17.8
Dodging        | 3 4 5 6 7 8 9 |  9.3
Polearms       | 4 5 6 7 9 11 13 14 15 17 | 17.9
Evocations     | 3 5 6 |  6.0

Action                   |  1- 3 |  4- 6 |  7- 9 | 10-12 | 13-15 || total
-------------------------+-------+-------+-------+-------+-------++-------
Melee: Spear             |   115 |   213 |     1 |       |       ||   329
       Tailslap          |     8 |    20 |    69 |    57 |   200 ||   354
       Halberd           |       |       |    43 |       |       ||    43
       Scythe            |       |       |   149 |       |       ||   149
       Trident           |       |       |   213 |   342 |  1099 ||  1654
Throw: Tomahawk          |       |       |     4 |     2 |     3 ||     9
Invok: Berserk           |     2 |     3 |     4 |     4 |     8 ||    21
       Trog's Hand       |       |       |     2 |       |     2 ||     4
       Burn Spellbooks   |       |       |       |       |     7 ||     7
       Brothers in Arms  |       |       |       |       |     5 ||     5
 Abil: Breathe Dispellin |       |       |     1 |       |       ||     1
Evoke: Wand              |       |       |       |       |     5 ||     5
  Use: Scroll            |     3 |     4 |     6 |     5 |    10 ||    28
       Potion            |       |     7 |     9 |     4 |    10 ||    30
 Stab: Sleeping          |       |       |     1 |     2 |     3 ||     6
       Distracted        |       |       |       |     1 |     1 ||     2
  Eat: Ration            |     2 |     2 |     6 |     2 |    14 ||    26
Armor: Skin              |    26 |    40 |   168 |    67 |   143 ||   444
Dodge: Dodged            |    70 |   130 |   482 |   172 |   601 ||  1455
